[ AOE2 MATCH · #491013150 ]
UnrankedWei vs Hindustanis
Player's team · WIN
[ REPLAY ANALYSIS · EXTRACTED FROM THE RECORDED GAME ]
Feudal
8:57
Castle
20:41
Imperial
—
| APM avg | 89.9 |
| APM peak | 125 |
| eAPM avg | 51.2 |
| Villagers / military | 111 / 28 |
Focus
⚔️ 63.8% · 🌾 36.2%
Archer ×23 · Unknown (1949) ×21 · Militia ×4 · Spearman ×1
Feudal
10:57
Castle
16:08
Imperial
—
| APM avg | 56.7 |
| APM peak | 108 |
| eAPM avg | 22.2 |
| Villagers / military | 39 / 40 |
Focus
⚔️ 30.9% · 🌾 69.1%
Ghulam ×37 · Mangonel ×3
Match map
Initial resources + every placement click. Lines = walls · curves = elevation contours. ◆ gold · ⬟ stone · ● berries · ✦ relic · ◌ wall gap
Your base· ✓ Closed at 20:41 · 34t walls · no gate
Malfoy's base· ✓ Closed at 16:08 · 33t walls · no gate
Smoothed initial terrain · ◌ = detected wall gap · hover for details
Inputs per minute
— Saturno 1343 - - Malfoy
Build order — Saturno 1343
First 150 of 287 actions detected
| 0:00 | Queue | Villager (Male) |
| 0:01 | Build | House |
| 0:02 | Build | House |
| 0:04 | Queue | Villager (Male) |
| 0:07 | Queue | Villager (Male) |
| 0:07 | Queue | Villager (Male) |
| 1:13 | Queue | Villager (Male) |
| 1:40 | Queue | Villager (Male) |
| 1:40 | Queue | Villager (Male) |
| 2:13 | Build | Lumber Camp |
| 2:16 | Queue | Villager (Male) |
| 2:27 | Queue | Villager (Male) |
| 3:10 | Queue | Villager (Male) |
| 3:11 | Queue | Villager (Male) |
| 3:48 | Build | House |
| 3:58 | Build | House |
| 4:03 | Queue | Villager (Male) |
| 4:05 | Queue | Villager (Male) |
| 4:09 | Queue | Villager (Male) |
| 4:56 | Queue | Villager (Male) |
| 5:10 | Queue | Villager (Male) |
| 5:29 | Build | Barracks |
| 5:31 | Queue | Villager (Male) |
| 5:36 | Queue | Villager (Male) |
| 5:57 | Build | House |
| 6:00 | Queue | Villager (Male) |
| 6:02 | Build | House |
| 6:07 | Queue | Villager (Male) |
| 6:17 | Research | Loom |
| 6:47 | Research | Feudal Age |
| 7:07 | Queue | Militia |
| 7:16 | Build | Mining Camp |
| 7:20 | Build | Palisade Wall |
| 7:24 | Queue | Villager (Male) |
| 7:35 | Queue | Militia |
| 7:35 | Queue | Militia |
| 7:54 | Queue | Militia |
| 8:31 | Queue | Villager (Male) |
| 8:34 | Queue | Villager (Male) |
| 8:42 | Build | House |
| 8:57 | Age | Feudal Age |
| 9:01 | Build | Archery Range |
| 9:04 | Research | Man-at-Arms (upgrade) |
| 9:05 | Queue | Villager (Male) |
| 9:46 | Queue | Archer |
| 9:46 | Queue | Archer |
| 9:51 | Queue | Villager (Male) |
| 9:55 | Build | Mill |
| 9:56 | Queue | Villager (Male) |
| 10:19 | Build | House |
| 10:35 | Queue | Spearman |
| 10:39 | Queue | Villager (Male) |
| 10:45 | Build | Farm |
| 10:53 | Queue | Archer |
| 11:10 | Queue | Archer |
| 11:12 | Queue | Villager (Male) |
| 11:26 | Build | Farm |
| 11:33 | Queue | Villager (Male) |
| 11:38 | Build | House |
| 11:48 | Queue | Villager (Male) |
| 11:50 | Build | Farm |
| 12:03 | Build | Farm |
| 12:13 | Queue | Archer |
| 12:21 | Queue | Villager (Male) |
| 12:36 | Queue | Archer |
| 12:37 | Queue | Villager (Male) |
| 12:39 | Build | Farm |
| 12:56 | Queue | Villager (Male) |
| 13:04 | Build | Farm |
| 13:21 | Queue | Villager (Male) |
| 13:22 | Queue | Villager (Male) |
| 13:30 | Build | Blacksmith |
| 13:32 | Build | House |
| 13:38 | Build | House |
| 13:39 | Build | Palisade Wall |
| 13:50 | Queue | Villager (Male) |
| 14:01 | Queue | Villager (Male) |
| 14:02 | Build | Farm |
| 14:13 | Queue | Archer |
| 14:13 | Queue | Villager (Male) |
| 14:22 | Build | Farm |
| 14:27 | Queue | Archer |
| 14:30 | Queue | Villager (Male) |
| 14:40 | Build | Palisade Wall |
| 14:41 | Build | Palisade Wall |
| 14:44 | Build | Palisade Wall |
| 15:03 | Research | Fletching |
| 15:04 | Queue | Villager (Male) |
| 15:05 | Build | Farm |
| 15:06 | Build | Farm |
| 15:10 | Build | House |
| 15:12 | Build | Palisade Wall |
| 15:21 | Queue | Villager (Male) |
| 15:31 | Queue | Villager (Male) |
| 15:41 | Build | Farm |
| 15:44 | Queue | Villager (Male) |
| 15:46 | Build | House |
| 15:48 | Build | Palisade Wall |
| 15:51 | Queue | Villager (Male) |
| 15:55 | Build | Palisade Wall |
| 16:02 | Queue | Villager (Male) |
| 16:05 | Build | Farm |
| 16:08 | Research | Double-Bit Axe |
| 16:24 | Queue | Villager (Male) |
| 16:25 | Queue | Villager (Male) |
| 16:30 | Queue | Villager (Male) |
| 16:34 | Queue | Villager (Male) |
| 16:38 | Queue | Villager (Male) |
| 16:47 | Queue | Villager (Male) |
| 16:51 | Queue | Villager (Male) |
| 17:01 | Queue | Villager (Male) |
| 17:04 | Build | Market |
| 17:14 | Queue | Villager (Male) |
| 17:15 | Queue | Villager (Male) |
| 17:17 | Queue | Villager (Male) |
| 17:30 | Build | Farm |
| 18:01 | Research | Castle Age |
| 18:01 | Research | Castle Age |
| 18:08 | Queue | Villager (Male) |
| 18:29 | Queue | Villager (Male) |
| 18:38 | Queue | Villager (Male) |
| 18:39 | Queue | Archer |
| 18:45 | Build | Lumber Camp |
| 18:50 | Queue | Archer |
| 19:02 | Queue | Villager (Male) |
| 19:13 | Build | Mining Camp |
| 19:16 | Queue | Villager (Male) |
| 19:19 | Build | Stone Wall |
| 19:21 | Build | Stone Wall |
| 19:22 | Build | Stone Wall |
| 19:26 | Queue | Archer |
| 19:27 | Queue | Villager (Male) |
| 19:38 | Queue | Villager (Male) |
| 19:45 | Queue | Archer |
| 19:45 | Queue | Archer |
| 19:48 | Research | Padded Archer Armor |
| 19:52 | Research | Horse Collar |
| 19:52 | Research | Horse Collar |
| 20:01 | Queue | Villager (Male) |
| 20:16 | Queue | Archer |
| 20:22 | Queue | Villager (Male) |
| 20:32 | Queue | Villager (Male) |
| 20:41 | Build | Archery Range |
| 20:41 | Age | Castle Age |
| 20:52 | Research | Bodkin Arrow |
| 20:58 | Research | Crossbowman (upgrade) |
| 20:58 | Research | Crossbowman (upgrade) |
| 21:01 | Queue | Villager (Male) |
| 21:09 | Build | Town Center |
| 21:20 | Research | Bow Saw |
Build order — Malfoy
144 actions detected in the replay
| 0:01 | Queue | Villager (Male) |
| 0:02 | Build | House |
| 0:04 | Build | House |
| 0:07 | Queue | Villager (Male) |
| 0:19 | Queue | Villager (Male) |
| 0:19 | Queue | Villager (Male) |
| 1:16 | Queue | Villager (Male) |
| 1:31 | Queue | Villager (Male) |
| 1:52 | Build | Lumber Camp |
| 2:06 | Queue | Villager (Male) |
| 2:32 | Queue | Villager (Male) |
| 2:56 | Queue | Villager (Male) |
| 3:21 | Queue | Villager (Male) |
| 3:39 | Build | House |
| 3:43 | Queue | Villager (Male) |
| 4:06 | Queue | Villager (Male) |
| 4:12 | Build | House |
| 4:16 | Build | Palisade Wall |
| 4:41 | Queue | Villager (Male) |
| 5:12 | Build | House |
| 5:20 | Queue | Villager (Male) |
| 5:49 | Queue | Villager (Male) |
| 5:53 | Build | House |
| 6:06 | Build | Mill |
| 6:12 | Queue | Villager (Male) |
| 6:20 | Build | House |
| 6:22 | Build | Palisade Wall |
| 6:25 | Build | Palisade Wall |
| 6:26 | Build | Palisade Wall |
| 6:35 | Queue | Villager (Male) |
| 7:04 | Build | House |
| 7:07 | Queue | Villager (Male) |
| 7:17 | Queue | Villager (Male) |
| 7:35 | Queue | Villager (Male) |
| 7:37 | Research | Loom |
| 7:40 | Research | Feudal Age |
| 7:58 | Build | Palisade Wall |
| 8:41 | Build | Palisade Wall |
| 8:43 | Build | Palisade Wall |
| 9:05 | Build | Mining Camp |
| 9:39 | Build | House |
| 9:41 | Build | House |
| 9:44 | Build | Palisade Wall |
| 9:45 | Build | Palisade Wall |
| 9:50 | Build | House |
| 10:07 | Build | House |
| 10:11 | Build | House |
| 10:57 | Age | Feudal Age |
| 10:59 | Queue | Villager (Male) |
| 10:59 | Queue | Villager (Male) |
| 11:03 | Build | Blacksmith |
| 11:45 | Build | Market |
| 11:49 | Queue | Villager (Male) |
| 12:10 | Build | Watch Tower |
| 12:51 | Build | House |
| 13:28 | Research | Castle Age |
| 13:33 | Build | House |
| 13:36 | Build | House |
| 14:25 | Build | Barracks |
| 15:07 | Build | Farm |
| 15:11 | Research | Double-Bit Axe |
| 15:26 | Research | Scale Mail Armor |
| 16:08 | Age | Castle Age |
| 16:11 | Queue | Villager (Male) |
| 17:04 | Queue | Villager (Male) |
| 17:50 | Build | Castle |
| 18:03 | Queue | Villager (Male) |
| 18:37 | Build | Farm |
| 18:59 | Queue | Ghulam |
| 19:17 | Queue | Ghulam |
| 19:25 | Build | Farm |
| 19:34 | Queue | Ghulam |
| 19:35 | Queue | Ghulam |
| 19:49 | Build | Farm |
| 19:52 | Build | Farm |
| 19:58 | Queue | Ghulam |
| 20:22 | Queue | Ghulam |
| 20:29 | Build | Farm |
| 20:50 | Queue | Ghulam |
| 21:00 | Build | Farm |
| 21:02 | Build | Farm |
| 21:03 | Build | Farm |
| 21:04 | Build | Farm |
| 21:07 | Queue | Ghulam |
| 21:30 | Queue | Villager (Male) |
| 21:45 | Queue | Ghulam |
| 22:01 | Queue | Ghulam |
| 22:01 | Queue | Ghulam |
| 22:11 | Queue | Villager (Male) |
| 22:15 | Build | Farm |
| 22:15 | Build | Farm |
| 22:29 | Research | Squires |
| 22:47 | Queue | Ghulam |
| 22:48 | Queue | Ghulam |
| 23:03 | Queue | Villager (Male) |
| 23:05 | Build | Farm |
| 23:06 | Research | Horse Collar |
| 23:41 | Research | Chain Mail Armor |
| 24:07 | Build | Siege Workshop |
| 24:16 | Research | Arson |
| 24:19 | Queue | Ghulam |
| 24:19 | Queue | Ghulam |
| 24:20 | Queue | Ghulam |
| 24:20 | Queue | Ghulam |
| 24:33 | Build | Lumber Camp |
| 24:47 | Queue | Ghulam |
| 25:01 | Queue | Villager (Male) |
| 25:02 | Queue | Villager (Male) |
| 25:28 | Queue | Ghulam |
| 25:28 | Queue | Ghulam |
| 25:29 | Queue | Ghulam |
| 25:32 | Build | House |
| 25:43 | Build | House |
| 25:55 | Queue | Mangonel |
| 25:55 | Queue | Mangonel |
| 26:06 | Queue | Villager (Male) |
| 26:06 | Queue | Villager (Male) |
| 26:09 | Research | Forging |
| 26:11 | Queue | Ghulam |
| 26:35 | Queue | Ghulam |
| 26:35 | Queue | Ghulam |
| 26:35 | Queue | Ghulam |
| 27:29 | Queue | Mangonel |
| 27:54 | Queue | Ghulam |
| 28:12 | Build | House |
| 28:20 | Queue | Villager (Male) |
| 28:21 | Queue | Villager (Male) |
| 28:50 | Queue | Ghulam |
| 28:50 | Queue | Ghulam |
| 28:53 | Queue | Villager (Male) |
| 28:53 | Queue | Villager (Male) |
| 29:38 | Queue | Ghulam |
| 29:38 | Queue | Ghulam |
| 29:38 | Queue | Ghulam |
| 29:38 | Queue | Ghulam |
| 29:42 | Build | Siege Workshop |
| 30:09 | Queue | Ghulam |
| 30:09 | Queue | Ghulam |
| 30:09 | Queue | Ghulam |
| 30:10 | Queue | Villager (Male) |
| 30:11 | Queue | Villager (Male) |
| 30:20 | Build | Mining Camp |
| 30:43 | Queue | Ghulam |
| 30:43 | Queue | Ghulam |
Match timeline
| 4:16 | Malfoy · wall_segment Palisade Wall x8 |
| 5:29 | Saturno 1343 · first_building Barracks |
| 6:22 | Malfoy · wall_segment Palisade Wall x2 |
| 6:25 | Malfoy · wall_segment Palisade Wall x1 |
| 6:26 | Malfoy · wall_segment Palisade Wall x1 |
| 7:20 | Saturno 1343 · wall_segment Palisade Wall x1 |
| 7:58 | Malfoy · wall_segment Palisade Wall x14 |
| 8:41 | Malfoy · wall_segment Palisade Wall x3 |
| 8:43 | Malfoy · wall_segment Palisade Wall x3 |
| 8:57 | Saturno 1343 · age_up feudal |
| 9:01 | Saturno 1343 · first_building Archery Range |
| 9:44 | Malfoy · wall_segment Palisade Wall x1 |
| 9:45 | Malfoy · wall_segment Palisade Wall x1 |
| 10:57 | Malfoy · age_up feudal |
| 13:27 | Malfoy · first_market_buy 100 food |
| 13:39 | Saturno 1343 · wall_segment Palisade Wall x2 |
| 14:25 | Malfoy · first_building Barracks |
| 14:40 | Saturno 1343 · wall_segment Palisade Wall x6 |
| 14:41 | Saturno 1343 · wall_segment Palisade Wall x1 |
| 14:44 | Saturno 1343 · wall_segment Palisade Wall x1 |
| 15:12 | Saturno 1343 · wall_segment Palisade Wall x10 |
| 15:47 | Malfoy · first_market_sell 100 wood |
| 15:48 | Saturno 1343 · wall_segment Palisade Wall x5 |
| 15:55 | Saturno 1343 · wall_segment Palisade Wall x1 |
| 16:08 | Malfoy · age_up castle |
| 17:50 | Malfoy · first_building Castle |
| 17:57 | Saturno 1343 · first_market_buy 100 food |
| 19:19 | Saturno 1343 · wall_segment Stone Wall x1 |
| 19:21 | Saturno 1343 · wall_segment Stone Wall x8 |
| 19:22 | Saturno 1343 · wall_segment Stone Wall x1 |
| 20:41 | Saturno 1343 · age_up castle |
| 21:58 | Saturno 1343 · wall_segment Stone Wall x5 |
| 24:07 | Malfoy · first_building Siege Workshop |
| 26:07 | Saturno 1343 · wall_segment Stone Wall x3 |
| 26:39 | Saturno 1343 · first_building Castle |
| 28:15 | Saturno 1343 · first_building Stable |
| 29:00 | Saturno 1343 · wall_segment Stone Wall x1 |
| 29:36 | Saturno 1343 · first_market_sell 100 wood |
| 30:07 | Saturno 1343 · wall_segment Stone Wall x2 |
| 30:24 | Saturno 1343 · wall_segment Stone Wall x1 |
| 30:55 | Saturno 1343 · wall_segment Stone Wall x1 |
| 30:56 | Saturno 1343 · wall_segment Stone Wall x1 |
| 31:31 | Malfoy · resign |
[ AI ANALYSIS · 1 CREDIT ]
What really happened in this match?
Wolo.gg analyzes every decision: build order, eco, micro, common mistakes by bracket. Personalized analysis on WhatsApp or Discord in 30 seconds.
Civ guide
Wei
Perfil
Saturno 1343